[Event "1000GM Schev-G3 March 2024"]
[Site "Santa Clara"]
[Date "2024.03.09"]
[Round "1.1"]
[White "Chinni, Rishabh"]
[Black "Heimann, Alexander"]
[Result "1-0"]
[ECO "B34"]
[WhiteElo "2010"]
[BlackElo "2290"]
[Annotator "TA"]
[PlyCount "109"]
[EventDate "2024.03.06"]
[EventType "schev"]
[EventCountry "USA"]
[SourceTitle "playchess.com"]
[Source "ChessBase"]
[SourceQuality "1"]
[TimeControl "5400+30"]

1. e4 c5 2. Nf3 Nc6 3. d4 cxd4 4. Nxd4 Nf6 5. Nc3 g6 6. Nxc6 bxc6 7. e5 Ng8 8. Bc4 Qa5 9. Qe2 {[%emt 0:00:51] B34: Sicilian: Accelerated Dragon with 5 Nc3: sidelines.} Bg7 10. Bf4 Qb4 11. O-O Ba6 12. Bxa6 Qxf4 13. Rfe1 h5 $146 ({Predecessor:} 13... Nh6 14. Rad1 Rd8 15. g3 Qb4 16. Ne4 O-O 17. c3 Qb6 18. Ng5 f6 19. Bc4+ Kh8 20. exf6 Bxf6 {1-0 Berry,F (2033)-Movsisyan,M (2300) Tulsa April op 2005 (2)}) 14. Rad1 (14. g3 {simplifies} Qb4 15. Rab1 Nh6 16. a3) 14... Nh6 {[%emt 0:05:25] [#]} 15. e6 (15. Ne4 $1 $14) 15... dxe6 $11 16. Bb7 Rb8 17. Bxc6+ Kf8 18. h3 Nf5 19. Qd3 Bd4 (19... Rxb2 20. Qd8#) ({Black should play} 19... Bf6 $15 20. Na4 Kg7 (20... Bxb2 $2 21. Nxb2 Qb4 22. Nc4 $18)) 20. Bf3 $1 $11 Qh4 (20... Rxb2 21. Ne2 Bxf2+ 22. Kxf2 $16) 21. Rd2 (21. Ne4 $11) 21... Bb6 (21... Rxb2 $17 22. Re4 Qf6) 22. Qe4 $11 Kg7 23. Red1 (23. Qe5+ $11 Qf6 24. Qxf6+ Kxf6 (24... exf6 25. Na4 $11) 25. g4) 23... Qf6 24. Qa4 (24. Na4 $11) 24... Rhc8 (24... Nd6 $17 25. Qa6 Rhc8) 25. Ne4 $1 $15 Qe5 (25... Qxb2 26. c3 Bxf2+ 27. Rxf2 $16 (27. Nxf2 Qxc3 28. Qxa7 Rb5 $16)) 26. c3 Bc7 (26... Nh4 {feels hotter.} 27. Be2 Qf4 28. Ba6 Rh8) 27. g3 (27. Kf1 $11) 27... h4 $17 28. Re2 hxg3 29. Nxg3 Qf6 30. Qg4 Rh8 31. Ne4 $1 Qe5 32. Nd6 Qa5 33. b4 (33. Nxf7 $1 $11 Rh4 (33... Kxf7 34. Rxe6 Rh6 35. Bd5 $11) 34. Qg2 Kxf7 35. Rxe6) 33... Qa6 $15 34. Nxf5+ (34. Nxf7 $15 Rh4 (34... Kxf7 35. Rxe6 Qxe6 36. Bd5 $17) 35. Qg2 Kxf7 36. Rxe6 Qxe6 37. Bd5 Qxd5 (37... Bh2+ $2 38. Kxh2 Rb6 39. Re1 $18) 38. Qxd5+ Kf6 39. Qc6+ Bd6 40. Kg2) 34... exf5 $17 35. Qd4+ e5 36. Qc5 {[%emt 0:02:25] [#]} Qb6 (36... Rxh3 $2 37. Qxc7 (37. Kg2 $2 Rxf3 38. Kxf3 e4+ $19) 37... Rxf3 38. Qxe5+ Kh6 39. Rd4 $18 (39. Qxb8 Qxe2 40. Qh8+ Kg5 $17)) (36... Rbc8 $1 $17 {[%cal Oe5e4] And now ...e4! would win.} 37. Rd7 Bb8) 37. Qxb6 Bxb6 38. Rxe5 Rxh3 39. Rd3 $1 Kf6 40. Red5 Re8 41. Kf1 Rh4 42. a4 Bc7 43. Rd7 Re7 {[%emt 0:00:41] [#]} 44. Bc6 $1 Be5 45. Rxe7 Kxe7 46. Rd7+ Ke6 47. Rxa7 Bxc3 48. b5 Rb4 49. a5 (49. Ra6 $16) 49... Rb2 ({Black should try} 49... Rb1+ $14 50. Ke2 Ra1) 50. b6 $16 Ra2 $2 (50... Kd6 $16) 51. b7 ({Not} 51. a6 Bd4 $11) 51... Rxf2+ 52. Kg1 $1 ({Worse is} 52. Kxf2 Bd4+ 53. Kg3 Bxa7 $15) 52... Rb2 53. Ra8 Be5 54. a6 Ra2 55. Re8+ ({Weaker is} 55. b8=R Bxb8 56. Rxb8 Ra1+ 57. Kf2 Rxa6 $11) 1-0

[Event "1000GM Schev-G3 March 2024"]
[Site "Santa Clara"]
[Date "2024.03.09"]
[Round "1.2"]
[White "Penagalapati, Abhinav"]
[Black "Zuluaga Mancilla, Cesar"]
[Result "1-0"]
[ECO "A12"]
[WhiteElo "2043"]
[BlackElo "2217"]
[Annotator "RC"]
[PlyCount "103"]
[EventDate "2024.03.06"]
[EventType "schev"]
[EventCountry "USA"]
[SourceTitle "playchess.com"]
[Source "ChessBase"]
[SourceQuality "1"]
[TimeControl "5400+30"]

1. Nf3 d5 2. e3 c6 3. c4 Nf6 4. b3 Bf5 5. Bb2 e6 6. Nc3 h6 7. Be2 Nbd7 8. d4 Bd6 9. Bd3 Bxd3 10. Qxd3 O-O 11. O-O Bb4 12. Nd2 a5 13. a3 Be7 14. Rfd1 Qb6 15. c5 Qc7 16. f4 Nh7 17. Rf1 f5 18. b4 Nhf6 19. Rfc1 g5 20. Ne2 Rf7 21. Bc3 a4 22. b5 Rg7 23. Rab1 Nh5 24. Nf3 gxf4 25. Nxf4 Nxf4 26. exf4 Qxf4 27. bxc6 bxc6 28. Re1 Qg4 29. Qe2 Kh8 30. Rb7 Bf6 31. Qd2 f4 32. Kh1 Rag8 33. Rb2 Qf5 34. Re2 Kh7 35. Qe1 Re8 36. Rb7 Reg8 37. Rbb2 Nf8 38. Ba5 Kh8 39. Rb8 Qg4 40. Rc8 e5 41. dxe5 Qxc8 42. exf6 Rf7 43. Bc3 Ng6 44. Re6 Kh7 45. Nd4 Qa6 46. Nf5 Qd3 47. Nd6 f3 48. Nxf7 fxg2+ 49. Kg1 Nf4 50. Re3 Qe4 51. Nd6 Qg6 52. Re7+ 1-0

[Event "1000GM Schev-G3 March 2024"]
[Site "Santa Clara"]
[Date "2024.03.09"]
[Round "1.3"]
[White "Champsi, Imran"]
[Black "Dominguez Aguilar, Guillermo"]
[Result "0-1"]
[ECO "A70"]
[WhiteElo "2057"]
[BlackElo "2284"]
[Annotator "TA"]
[PlyCount "68"]
[EventDate "2024.03.06"]
[EventType "schev"]
[EventCountry "USA"]
[SourceTitle "playchess.com"]
[Source "ChessBase"]
[SourceQuality "1"]
[TimeControl "5400+30"]

1. d4 Nf6 2. c4 c5 3. d5 e6 4. Nc3 exd5 5. cxd5 d6 6. e4 a6 7. a4 g6 8. Bd3 Nbd7 9. Nf3 Bg7 10. h3 O-O 11. O-O Nh5 12. a5 Re8 13. Bc2 Rb8 14. Nd2 (14. g4 $14 {is more appropriate.} Nhf6 15. Bf4) 14... Qh4 15. Nc4 (15. Ne2 $14) 15... Ne5 $1 $15 16. Nxd6 {[%emt 0:00:00] [#]} Bxh3 $1 {[%emt 0:01:09] Threatens to win with ...Bg4.} 17. Nxe8 (17. gxh3 $2 Qxh3 18. f3 Ng3 $19 (18... Qg3+ $2 19. Kh1 $19)) 17... Bg4 {[%emt 0:01:35] Really sharp!} 18. f3 $2 {[%emt 0:00:00] [#]} ({White has to play} 18. Nxg7 $1 $15 Bxd1 19. Bxd1 Kxg7 20. Be3) 18... Nxf3+ $1 $19 19. Rxf3 (19. gxf3 $2 Bd4+ $19) 19... Bd4+ 20. Be3 Bxe3+ (20... Rxe8 $2 21. Qe1 Qd8 22. Rf1 $18) 21. Rxe3 Bxd1 22. Rxd1 Rxe8 23. d6 $2 (23. e5 {was necessary.} Qg5 24. Rde1) 23... Nf6 {[%emt 0:02:05] White must now prevent ...Ng4. Black is clearly winning.} 24. Rh3 Qg5 (24... Qg4 $2 25. Nd5 Nxd5 (25... Nxe4 26. d7 $17) 26. Rxd5 $19) 25. Bb3 c4 (25... Nxe4 $2 {too greedy.} 26. d7 Rd8 27. Nxe4 $18) 26. Ba4 Rd8 27. Rf3 Qc5+ 28. Kh1 Rxd6 29. Rdf1 Ng4 30. Nd5 Ne5 31. Nf6+ Kh8 32. Rh3 {[%emt 0:00:31] [#]} Rxf6 $1 33. Rxf6 Qxa5 {[%emt 0:00:19] ( -> ...Qe1+)} 34. Ra3 Qe1+ {[%emt 0:00:25] Black took control after the opening.   Weighted Error Value: White=1.23/Black=0.24 (precise) .  Loses game:     	White=1     	---        Mistake:       	White=3     	---        Inaccurate:     	White=2     	Black=2      OK:         	---       	Black=9      Best:        	White=2     	---        Strong:       	---       	Black=2      Brilliant:      	---       	Black=1} 0-1

[Event "1000GM Schev-G3 March 2024"]
[Site "Santa Clara"]
[Date "2024.03.09"]
[Round "1.4"]
[White "Blandon Villa, Diego F"]
[Black "Liu, Patrick"]
[Result "1/2-1/2"]
[ECO "B22"]
[WhiteElo "2274"]
[BlackElo "2068"]
[Annotator "TA"]
[PlyCount "77"]
[EventDate "2024.03.06"]
[EventType "schev"]
[EventCountry "USA"]
[SourceTitle "playchess.com"]
[Source "ChessBase"]
[SourceQuality "1"]
[TimeControl "5400+30"]

1. e4 c5 2. c3 Nf6 3. e5 Nd5 4. d4 cxd4 5. Nf3 e6 6. cxd4 d6 7. Nc3 Nxc3 8. bxc3 Qc7 9. Bb2 Nd7 10. exd6 (10. Bb5 {seems wilder.} a6 11. exd6 Qb6 12. Bxd7+ Bxd7 13. Qb3) 10... Bxd6 11. Bd3 O-O 12. O-O b6 13. Re1 Bb7 14. h3 Rfe8 15. c4 h6 16. Qe2 Rac8 17. Rac1 Qb8 (17... Bb4 {feels hotter.} 18. Nd2 Qf4 19. Red1 Nf6) 18. Bb1 Qa8 {[%emt 0:09:33] [#]} (18... Bb4 $11) 19. Qd3 (19. d5 $142 $1 {Hoping for Qd3.} exd5 20. Qd3) 19... Nf8 $16 {[%emt 0:06:46] [#]} 20. Ne5 (20. d5 $1 $16 {[%cal Rd5e6] Strongly threatening dxe6.} exd5 21. Bxg7 Kxg7 22. Qd4+ f6 23. Nh4) 20... Rc7 $11 21. c5 Bxe5 22. Rxe5 f5 (22... Bxg2 $2 {is the wrong capture.} 23. Qg3 Bh1 24. d5 $18) 23. cxb6 Rxc1+ 24. Bxc1 {[%emt 0:00:02][%cal Bb2c1,Bc1f4,Bf4e5][%mdl 32] Qg3 is the strong threat.} axb6 25. Qg3 Kh8 26. Rb5 Qd8 27. Kh2 Bc6 28. Rb4 Nh7 29. Bf4 b5 30. Be5 Qd7 (30... Nf6 $14 {should be considered.}) 31. Qg6 Kg8 32. Bd3 {[%emt 0:00:58][%cal Od4d5] White has more active pieces.} Nf8 33. Qg3 {[%emt 0:00:12][%cal Od4d5] Black must now prevent d5!} Ra8 {[%emt 0:00:26] [#]} (33... Re7 $1 $14) 34. Bxb5 $1 $16 Bxb5 35. Rxb5 {[%emt 0:00:02][%cal Og3f3] Threatens to win with Qf3!} Rxa2 $2 (35... Kh7 $16) 36. Rb8 $18 Rc2 37. Bd6 $2 ({Better is} 37. Qb3 $18 Rd2 38. Qb4 Rxf2 39. Qxf8+ Kh7 40. Rc8 (40. Rd8 Rxg2+ 41. Kh1 Qb7 $18)) 37... Rc8 $11 {[%emt 0:00:04] Black is weak on the dark squares} 38. Bc5 Kf7 39. Rxc8 {[%emt 0:00:28] Weighted Error Value: White=0.33/Black=0.38.  Loses game:     	---       	Black=1      Mistake:       	White=2     	Black=3      Inaccurate:     	White=1     	Black=4      OK:         	White=10    	Black=13     Best:        	White=2     	Black=1} 1/2-1/2

[Event "1000GM Schev-G3 March 2024"]
[Site "Santa Clara"]
[Date "2024.03.09"]
[Round "1.5"]
[White "Gracia Alvarez, Gerardo Antonio"]
[Black "Suarez, Sebastian"]
[Result "1-0"]
[ECO "D12"]
[WhiteElo "2233"]
[BlackElo "2113"]
[Annotator "TA"]
[PlyCount "61"]
[EventDate "2024.03.06"]
[EventType "schev"]
[EventCountry "USA"]
[SourceTitle "playchess.com"]
[Source "ChessBase"]
[SourceQuality "1"]
[TimeControl "5400+30"]

1. d4 d5 2. c4 c6 3. Nf3 Nf6 4. e3 Bf5 5. Nc3 e6 6. Nh4 Bg6 7. Nxg6 hxg6 8. Bd2 Nbd7 9. Qc2 Bd6 10. cxd5 {[%emt 0:00:00] Weiß steht etwas besser.} exd5 11. O-O-O O-O (11... Bxh2 $6 12. Kb1 $16) (11... Ng4 $5 12. Be1 Rxh2 13. Rxh2 Nxh2 $11) 12. Kb1 Re8 {[%emt 0:03:40] [#]} (12... Ng4 $11 {bleibt in der Remisbreite.} 13. Be1 b5) 13. f3 $1 $16 b5 14. Bd3 Qb6 (14... b4 $11 15. Na4 Rc8) 15. g4 {[%emt 0:00:00][%cal Bg2g4,Bg4g5][%mdl 32] Damit ist Schwarz auf der Verliererstraße.} c5 (15... Rab8 $16) 16. Bxb5 {[%emt 0:00:00] Und g5 würde nun gewinnen.} (16. Nxb5 $2 c4 17. Bxg6 Qxb5 $19) 16... Qb7 17. dxc5 Bxc5 18. g5 a6 19. Ba4 Nh5 20. Bc1 (20. Qb3 Qxb3 21. Bxb3 (21. axb3 Red8 $18) 21... Nb6 22. Nxd5 (22. Bxd5 Rab8 $18) 22... Nxd5) 20... Rec8 21. Qb3 (21. Rxd5 Nb6 $18) 21... Qa7 22. Bxd7 ({Viel schwächer ist} 22. Rxd5 Nb6 23. Rd3 Nxa4 $18) 22... Qxd7 23. Qxd5 ({Keinesfalls} 23. Rxd5 $6 Qh3 24. Qd1 Bb4 $16) 23... Qe7 24. e4 Rab8 (24... Bb4 $142) 25. Qd7 $18 Qe5 {[%emt 0:01:49][%cal Oc5a3] [#] Droht ...Ba3! und aus.} 26. Rd5 Qe6 27. Qxe6 fxe6 28. Rd3 e5 29. Nd5 Kh7 30. Be3 Bb4 (30... Bxe3 {war angesagt.} 31. Rxe3 (31. Nxe3 Nf4 $18) 31... Rf8) 31. Rc1 {[%emt 0:01:07] Gewichteter Fehlerwert: Weiß=0.13 (sehr präzise) /Schwarz=0.40.  Fehler:       	---       	Schwarz=5     Ungenau:       	Weiß=2     	Schwarz=1     OK:         	Weiß=12    	Schwarz=6     Bester:       	Weiß=1     	---        Stark:        	Weiß=1     	---} 1-0

[Event "1000GM Schev-G3 March 2024"]
[Site "Santa Clara"]
[Date "2024.03.10"]
[Round "2.1"]
[White "Zuluaga Mancilla, Cesar"]
[Black "Chinni, Rishabh"]
[Result "1-0"]
[ECO "D02"]
[WhiteElo "2217"]
[BlackElo "2010"]
[Annotator "RC"]
[PlyCount "99"]
[EventDate "2024.03.06"]
[EventType "schev"]
[EventCountry "USA"]
[SourceTitle "playchess.com"]
[Source "ChessBase"]
[SourceQuality "1"]
[TimeControl "5400+30"]

1. d4 Nf6 2. Nf3 e6 3. Bf4 d5 4. e3 Bd6 5. c3 c5 6. dxc5 Bxc5 7. Nbd2 Nc6 8. Bd3 O-O 9. O-O b6 10. Qa4 Bb7 11. Rad1 Qe7 12. Bg5 h6 13. Bh4 e5 14. e4 d4 15. Nb3 a6 16. Nxc5 bxc5 17. Rfe1 Qd6 18. Qa3 Rfd8 19. Bc4 Rac8 20. h3 Rd7 21. Bg3 Qe7 22. Nh4 dxc3 23. Nf5 Qd8 24. Rxd7 Qxd7 25. bxc3 Ne7 26. Nxe7+ Qxe7 27. f3 Nh5 28. Bh2 Rd8 29. Qc1 Qd6 30. Qe3 Nf4 31. Bxf4 exf4 32. Qf2 Qe5 33. Rc1 Bc8 34. Bd5 Be6 35. c4 Rb8 36. Kh1 Qb2 37. Qg1 Qxa2 38. Bxe6 fxe6 39. Qxc5 Rb1 40. Qg1 Rb2 41. c5 Rc2 42. c6 Qc4 43. Rxc2 Qxc2 44. Qb6 Qc3 45. Kh2 Kh7 46. c7 a5 47. e5 Qe1 48. c8=Q Qg3+ 49. Kh1 Qe1+ 50. Qg1 1-0

[Event "1000GM Schev-G3 March 2024"]
[Site "Santa Clara"]
[Date "2024.03.10"]
[Round "2.2"]
[White "Dominguez Aguilar, Guillermo"]
[Black "Penagalapati, Abhinav"]
[Result "1-0"]
[ECO "D26"]
[WhiteElo "2284"]
[BlackElo "2043"]
[Annotator "TA"]
[PlyCount "51"]
[EventDate "2024.03.06"]
[EventType "schev"]
[EventCountry "USA"]
[SourceTitle "playchess.com"]
[Source "ChessBase"]
[SourceQuality "1"]
[TimeControl "5400+30"]

1. c4 c6 2. e4 d5 3. exd5 cxd5 4. d4 Nf6 5. Nc3 dxc4 6. Bxc4 e6 7. Nf3 Be7 8. O-O O-O 9. Qe2 Nc6 10. Rd1 Nb4 11. Ne5 Nbd5 ({Black should try} 11... Nc6 $14) 12. Bg5 (12. Rd3 $16) 12... Re8 (12... Nd7 $14 13. Bxd5 Bxg5 14. Nxd7 Qxd7) 13. Rd3 $16 Bd7 14. Rh3 {[%emt 0:00:00] Threatens to win with Ne4. White is clearly better.} Rc8 15. Re1 a6 (15... g6 $142 16. Rf3 Nb6) 16. Bd3 $18 g6 17. Qf3 Bc6 18. Ne4 {[%emt 0:00:00] White is much more active.} (18. Nxd5 $142 Qxd5 (18... Bxd5 $2 19. Qf4 $18) 19. Bxf6 Qxf3 20. Rxf3 Bxf3 21. Bxe7 Bxg2 22. Bg5) 18... Qa5 $2 (18... Rf8 $16 {is more resistant.}) 19. Bd2 (19. Nxf6+ Bxf6 20. Rf1 Bxe5 21. dxe5 Rc7 $11) (19. Rb1 $142) 19... Qb6 20. g4 $2 (20. Rxh7 $18 Kxh7 21. Ng5+ Kg8 22. Nexf7) 20... Qxd4 $2 {[%emt 0:00:00][%mdl 8192] [#]} (20... Qxb2 21. g5 Rf8 22. gxf6 $18 (22. Nxf6+ Bxf6 23. Nc4 Qxd4 $16)) (20... Rf8 $1 $11 {and Black has nothing to worry.}) 21. Bc3 $1 Nxc3 22. Nxf6+ Bxf6 23. Qxf6 Rc7 24. bxc3 Qxc3 25. Rd1 {[%emt 0:00:00][%cal Rd3g6] White threatens Bxg6! and mate.} Qd4 {[%emt 0:00:00] [#]} (25... Qb4 $18 26. Qh4 h5) 26. Rxh7 $3 {[%emt 0:00:00][%mdl 512] Weighted Error Value: White=0.62/Black=1.04.  Loses game:     	---       	Black=2      Missed win:     	White=1     	---        Mistake:       	White=2     	Black=3      Inaccurate:     	White=1     	Black=1      OK:         	White=7     	Black=4      Best:        	---       	Black=1      Strong:       	White=1     	---        Brilliant:      	White=1     	---} 1-0

[Event "1000GM Schev-G3 March 2024"]
[Site "Santa Clara"]
[Date "2024.03.10"]
[Round "2.3"]
[White "Blandon Villa, Diego F"]
[Black "Champsi, Imran"]
[Result "1-0"]
[ECO "C48"]
[WhiteElo "2274"]
[BlackElo "2057"]
[Annotator "TA"]
[PlyCount "49"]
[EventDate "2024.03.06"]
[EventType "schev"]
[EventCountry "USA"]
[SourceTitle "playchess.com"]
[Source "ChessBase"]
[SourceQuality "1"]
[TimeControl "5400+30"]

1. e4 e5 2. Nf3 Nf6 3. Nc3 Nc6 4. Bb5 Bc5 5. Nxe5 Nxe5 6. d4 Bb4 {[%emt 0:01:48][%cal Of6e4] And now ...Nxe4! would win.} 7. dxe5 Nxe4 8. Qg4 Nxc3 9. Qxb4 {[%emt 0:00:46] The position is equal.} Nxb5 10. Qxb5 {[%emt 0:00:08] Black is weak on the dark squares} O-O 11. Bf4 c6 (11... Qh4 $11 {deserves consideration.} 12. g3 Qh5) 12. Qc5 Qb6 13. Qc3 Qa6 14. a3 Qa4 15. Be3 $36 {[%emt 0:11:47][%mdl 2048] White has some pressure.} f6 {[%emt 0:05:26] [#]} ({Black should play} 15... b6 $14) 16. O-O-O $1 $16 {[%emt 0:01:29] Threatens to win with exf6.} fxe5 {[%emt 0:01:25] [#]} 17. Rd6 $1 Qe4 18. Re1 {[%emt 0:06:24][%cal Oe3h6] Bh6! is the strong threat.} Re8 (18... Qf5 $1 $14) 19. Bxa7 {[%emt 0:08:30] White is more active.} Qxg2 (19... Qf4+ $16 20. Be3 Qf7) 20. Rxe5 $18 Rf8 (20... Rxe5 21. Qxe5 Qf3) 21. Qc4+ Kh8 22. Be3 {[%emt 0:01:26][%cal Oc4f7] White wants to mate with Qf7!} h6 (22... Qg1+ $142 23. Rd1 Qg6) 23. Re7 {[%emt 0:02:02][%cal Od6h6] White threatens Rxh6+! and mate.} Ra5 {[%emt 0:02:46] [#]} 24. Rxh6+ $1 gxh6 25. Bd4+ {[%emt 0:00:14] Weighted Error Value: White=0.18 (very precise) /Black=0.72.  Mistake:       	---       	Black=5      Inaccurate:     	White=1     	Black=1      OK:         	White=4     	Black=6      Best:        	White=2     	Black=2      Strong:       	White=2     	---} 1-0

[Event "1000GM Schev-G3 March 2024"]
[Site "Santa Clara"]
[Date "2024.03.10"]
[Round "2.4"]
[White "Liu, Patrick"]
[Black "Gracia Alvarez, Gerardo Antonio"]
[Result "1/2-1/2"]
[ECO "A63"]
[WhiteElo "2068"]
[BlackElo "2233"]
[Annotator "TA"]
[PlyCount "124"]
[EventDate "2024.03.06"]
[EventType "schev"]
[EventCountry "USA"]
[SourceTitle "playchess.com"]
[Source "ChessBase"]
[SourceQuality "1"]
[TimeControl "5400+30"]

1. d4 Nf6 2. c4 e6 3. g3 c5 4. d5 exd5 5. cxd5 d6 6. Nc3 g6 7. Nf3 Bg7 8. Bg2 O-O 9. O-O Re8 10. Re1 a6 11. a4 Nbd7 12. e4 Qc7 13. Qc2 Rb8 14. a5 b5 {[%emt 0:02:27] Weiß hat minimalen Vorteil.} 15. axb6 Rxb6 16. Nd2 c4 $1 17. f4 (17. Ra4 $11) 17... Ng4 (17... Nc5 $17 {Droht ...Nd3 und aus.} 18. Bf1 (18. Nxc4 Rb4 $17) 18... Rb4) 18. Nd1 $1 $11 Rb4 19. Nf3 (19. Ra4 $11 {bleibt in der Remisbreite.}) 19... Nc5 $17 {[%emt 0:08:48][%cal Oc4c3] ...c3! wäre nun fies.} 20. Bd2 Rb8 ({Günstiger ist} 20... c3 $1 $17 21. bxc3 Rbxe4 (21... Nxe4 22. Bf1 $17)) 21. Qxc4 $11 {[%emt 0:03:10] h3 ist eine echte Drohung.} Bd7 22. Qc2 $2 (22. Bb4 $15) 22... Qa7 $1 $19 23. Kh1 $2 (23. Be3 {war die einzige Chance.} Nxe3 (23... Rxe4 $2 24. Qxe4 Bf5 25. Qc4 $18) 24. Rxe3 Nxe4 25. Bf1) 23... Bb5 $2 (23... Rxb2 $1 $19 24. Nxb2 Nxe4) 24. Ra3 $1 $11 {[%emt 0:04:31] [#]} Nxe4 $2 25. Rxe4 $18 Rxe4 26. Qxe4 Re8 {[%emt 0:00:02] [#]} 27. Qb4 {[%emt 0:01:21] Und Qxb5 würde nun gewinnen.} Be2 28. h3 Bxd1 29. hxg4 Qf2 30. Be1 (30. Qxd6 Bf8 (30... Bxf3 31. Rxf3 Qxd2 32. Qxa6 $15) 31. Qd7 (31. Qc6 $2 Re2 $19) 31... Re7 $17 (31... Re2 32. Nh4 $15)) 30... Qxb2 31. Bc3 (31. Rxa6 Bxf3 32. Bxf3 Qc1 $16) 31... Qc1 32. Bd2 Qc8 33. Bc3 {[%emt 0:03:38] Droht stark Bxg7.} (33. Qxd6 Bf8 34. Qxa6 Qxg4 $18) 33... Bxc3 34. Qxc3 (34. Rxc3 Qxg4 35. Nh2 (35. Qxd6 Qxg3 36. Qxa6 Re2 $14) 35... Re1+ 36. Bf1 Qh3) 34... Qxg4 35. Qd2 ({Schwächer ist} 35. Rxa6 Qxg3 36. Ra1 Be2 $14) 35... Be2 (35... Bxf3 $142 36. Rxf3 h6) 36. Re3 (36. Ng5 $142) 36... Rxe3 37. Qxe3 Bb5 {[%emt 0:00:07] Gegen Qe8+ gerichtet.} (37... Bxf3 {ist eine bessere Verteidigung.} 38. Qxf3 Qxf3 39. Bxf3 a5) 38. Nd4 Qd1+ 39. Kh2 Qd3 40. Qxd3 Bxd3 41. Bf3 a5 {[%emt 0:00:19][%cal Ba6a5,Ba5a4,Ba4a3][%mdl 32] [#]} 42. Be2 (42. Bd1 $1 $16) 42... Bxe2 $11 {[%emt 0:00:37] Die Stellung ist ausgeglichen.} 43. Nxe2 {[%emt 0:00:01][%mdl 4096] Endspiel. KN-KP} a4 44. Nc3 a3 45. Kg2 h5 46. Kf3 f6 47. Ke3 Kf7 48. Kd3 {[%emt 0:02:16] Zielt auf Kc2 ab.} (48. Kd2 $5 g5 $8 49. Ke3 $11) 48... g5 49. f5 {[%emt 0:00:05] Und jetzt Kc2 wäre schön.} h4 50. gxh4 gxh4 51. Kc2 h3 52. Ne4 h2 (52... a2 $5 53. Kb2 $8 h2 $11) 53. Nf2 $1 Kg7 54. Kb3 Kh6 {[%emt 0:00:06] ( -> ...Kg5)} 55. Ng4+ (55. Kxa3 $2 {zu gefräßig.} Kg5 56. Kb4 Kf4 57. Nd3+ Kf3 $19 (57... Kxf5 $2 58. Nf2 $19)) 55... Kg5 $132 {[%emt 0:00:03][%mdl 2048] Schwarz leistet Widerstand} 56. Nxh2 Kxf5 57. Kxa3 {[%emt 0:00:06] KN-KPP} Ke4 58. Kb3 $1 Kxd5 59. Kc3 Ke4 60. Kd2 f5 61. Ke2 d5 62. Nf3 d4 {[%emt 0:00:07] Schwarz hat sich erfolgreich gewehrt.   Gewichteter Fehlerwert: Weiß=0.35/Schwarz=0.37.  Verlustzug:     	Weiß=1     	Schwarz=1     Gewinn verpasst:   	---       	Schwarz=1     Fehler:       	Weiß=5     	Schwarz=4     Ungenau:       	Weiß=3     	Schwarz=2     OK:         	Weiß=16    	Schwarz=13    Bester:       	Weiß=8     	Schwarz=8     Stark:        	Weiß=4     	Schwarz=2} 1/2-1/2

[Event "1000GM Schev-G3 March 2024"]
[Site "Santa Clara"]
[Date "2024.03.10"]
[Round "2.5"]
[White "Suarez, Sebastian"]
[Black "Heimann, Alexander"]
[Result "1/2-1/2"]
[ECO "B80"]
[WhiteElo "2113"]
[BlackElo "2290"]
[Annotator "TA"]
[PlyCount "44"]
[EventDate "2024.03.06"]
[EventType "schev"]
[EventCountry "USA"]
[SourceTitle "playchess.com"]
[Source "ChessBase"]
[SourceQuality "1"]
[TimeControl "5400+30"]

1. e4 c5 2. Nf3 d6 3. d4 cxd4 4. Nxd4 Nf6 5. Nc3 a6 6. f3 e6 7. Be3 b5 8. Qd2 Bb7 9. O-O-O Nbd7 10. Nb3 ({White should try} 10. Kb1 $11) 10... Ne5 ({Black should play} 10... Qc7 $15) 11. Qf2 Nfd7 12. h3 Rc8 13. f4 Nc4 14. Bxc4 Rxc4 15. a3 (15. f5 $11) 15... Qc7 (15... Rxc3 $5 16. bxc3 Qc7 $15) 16. Rhe1 {[%emt 0:02:44] [#]} (16. Rd3 $11 {remains equal.}) 16... Nf6 $2 (16... Be7 $1 $17 17. Qg3 O-O (17... Bxe4 18. Nxe4 Rxe4 19. Qxg7 $16)) 17. Bb6 $16 Qb8 18. e5 {[%emt 0:08:14] White is more active.} Ne4 {[%emt 0:01:47] [#] Black is weak on the dark squares} 19. Rxe4 Bxe4 $11 {[%emt 0:00:09] The position is equal.} 20. Ba7 ({But not} 20. Na5 Rxc3 21. bxc3 Bd5 $17) 20... Qc7 21. Bb6 Qb8 22. Ba7 ({Much weaker is} 22. Na5 Rxc3 23. bxc3 Bd5 $17) 22... Qc7 {[%emt 0:03:54] Weighted Error Value: White=0.28 (precise) /Black=0.36.  Mistake:       	White=3     	Black=2      OK:         	White=6     	Black=4      Best:        	White=1     	Black=1} 1/2-1/2